Map: Dragon Scales LE

Players

Basic

  • Race: Terran Terran
  • League: Diamond
  • Spawn Location: 5:00

llllllllllll - Winner!

  • Race: Terran Terran
  • League: Diamond
  • Spawn Location: 11:00

VOD

Have the link to the VOD?

Description

Time

  • Played on: Aug. 16, 2023, 4:35 p.m.
  • Length: 10:10
Show
View Real Time Build Order
Export as new Build Order

Basic Terran 

Build Orders: Reaper Expand 

Get SALT Encoding   

  12  0:00  SCV  
  13  0:12  SCV  
  14  0:17  Supply Depot  
  14  0:24  SCV  
  15  0:38  SCV  
  15  0:40  Barracks  
  16  0:43  Refinery  
  16  0:51  SCV  
  17  1:03  SCV  
  18  1:15  SCV  
  19  1:27  Orbital Command  
  19  1:28  Reaper  
  20  1:42  Command Center  
  20  1:50  Supply Depot  
  20  1:55  SCV  
  21  2:08  Factory  
  21  2:15  SCV  
  22  2:17  Refinery  
  22  2:20  Barracks Reactor  
  22  2:27  SCV  
  23  2:40  SCV  
  24  2:54  Factory Tech Lab  
  24  2:57  Starport  
  24  2:58  Marine x2  
  24  3:03  SCV  
  27  3:07  Orbital Command  
  26  3:16  Marine  
  26  3:17  Marine  
  28  3:21  Siege Tank  
  28  3:23  SCV  
  28  3:25  Supply Depot  
  32  3:34  Marine  
  33  3:35  Marine  
  33  3:40  Starport Reactor  
  34  3:48  SCV x2  
  36  3:49  Supply Depot  
  36  3:55  Barracks  
  36  3:56  Barracks  
  36  4:02  Marine x2  
  37  4:03  Siege Tank  
  37  4:08  SCV x2  
  43  4:18  Medivac  
  43  4:20  Marine x2  
  43  4:21  SCV  
  43  4:23  SCV  
  49  4:33  SCV  
  49  4:35  SCV  
  49  4:37  Siege Tank  
  54  4:42  Supply Depot  
  54  4:44  Refinery  
  54  4:48  Refinery  
  54  4:50  SCV x2  
  56  4:54  Medivac  
  56  4:58  Barracks Tech Lab  
  58  5:09  SCV  
  58  5:10  SCV  
  60  5:18  Marine x2  
  60  5:21  SCV, Barracks Tech Lab  
  62  5:22  SCV, Medivac  
  66  5:33  Marine  
  66  5:35  Siege Tank  
  70  5:39  Stimpack  
  70  5:51  Supply Depot  
  70  5:52  Supply Depot  
  70  5:57  Marine  
  70  5:58  Marine  
  70  6:00  SCV, Marine  
  70  6:01  SCV, Marine  
  65  6:13  SCV x2  
  65  6:15  Marine  
  65  6:16  Marine  
  65  6:18  Marine  
  64  6:19  Marine  
  64  6:20  Siege Tank  
  64  6:21  Medivac  
  61  6:29  Orbital Command  
  57  6:32  Marine  
  57  6:34  Marine  
  57  6:36  Marine  
  57  6:37  Marine  
  58  6:50  Marine  
  58  6:52  Marine  
  58  6:53  Siege Tank, Marine  
  64  6:55  Marine  
  65  7:04  Medivac  
  64  7:08  Marine  
  64  7:10  Marine  
  64  7:11  Marine  
  64  7:13  SCV, Marine  
  64  7:14  SCV  
  70  7:25  SCV  
  70  7:26  SCV  
  72  7:33  Medivac  
  74  7:37  SCV  
  74  7:42  Marine x2  
  77  7:51  SCV  
  78  7:58  SCV  
  79  8:03  SCV  
  82  8:14  Medivac  
  82  8:28  Marine  
  82  8:29  Marine x3  
  82  8:33  Supply Depot  
  86  8:36  Supply Depot  
  86  8:46  Marine  
  86  8:47  Marine x3  
  79  8:58  Siege Tank  
  70  9:04  Marine x4  
  57  9:20  Medivac  
  57  9:22  Marine x4  
  45  9:39  Marine  
  45  9:40  Marine x3  
  44  9:56  SCV x2  
Show
View Real Time Build Order
Export as new Build Order

llllllllllll Terran - Winner!

Build Orders: Reaper Expand 

Get SALT Encoding   

  12  0:00  SCV  
  13  0:12  SCV  
  14  0:17  Supply Depot  
  14  0:24  SCV  
  15  0:38  SCV  
  15  0:40  Barracks  
  16  0:46  Refinery  
  16  0:50  SCV  
  17  1:02  SCV  
  18  1:15  SCV  
  19  1:27  Orbital Command  
  19  1:29  Reaper  
  20  1:42  Command Center  
  20  1:53  SCV  
  21  1:56  Supply Depot  
  21  2:01  Marine  
  21  2:05  SCV  
  23  2:10  Factory  
  23  2:19  Refinery  
  23  2:21  SCV  
  23  2:22  Marine  
  25  2:33  SCV  
  27  2:45  SCV, Barracks Reactor  
  27  2:55  Starport  
  27  2:57  Orbital Command, Factory Tech Lab  
  27  3:02  SCV  
  28  3:14  SCV  
  29  3:23  Siege Tank, Marine x2  
  29  3:26  SCV  
  35  3:35  Supply Depot  
  35  3:36  Supply Depot  
  35  3:43  SCV x2  
  35  3:45  Marine x2  
  38  3:55  Barracks, SCV x2  
  40  3:56  Starport Reactor, Barracks  
  40  3:58  Siege Tank  
  43  4:13  SCV x2, Supply Depot  
  43  4:14  Supply Depot, Marine x2  
  47  4:25  SCV x2  
  49  4:32  Marine x2  
  49  4:35  Medivac x2  
  49  4:37  SCV x2  
  57  4:45  Engineering Bay x2, Barracks Tech Lab  
  57  4:46  Barracks Tech Lab  
  57  4:49  SCV x2  
  59  4:56  Marine x2  
  61  5:04  Supply Depot, Marine x2  
  61  5:05  Supply Depot  
  63  5:09  SCV x2  
  63  5:11  Refinery  
  63  5:12  Refinery  
  65  5:14  Terran Infantry Weapons Level 1, Terran Infantry Armor Level 1  
  65  5:25  Marine x4  
  69  5:29  SCV x2  
  71  5:40  Command Center  
  71  5:43  Marine x4  
  71  5:44  SCV x2  
  77  5:59  Stimpack, Combat Shield  
  75  6:04  Marine x2  
  75  6:05  Marine x2  
  75  6:09  SCV x2  
  81  6:13  Medivac x2  
  81  6:17  Supply Depot x2  
  81  6:21  SCV x2, Armory  
  81  6:22  Marine x2  
  81  6:24  Marine  
  81  6:25  Marine  
  87  6:28  Siege Tank  
  90  6:33  SCV x2  
  91  6:40  Marine x2  
  91  6:41  Supply Depot  
  91  6:42  Supply Depot, Marine x2  
  88  6:57  Orbital Command  
  88  7:08  Terran Infantry Weapons Level 2, Terran Infantry Armor Level 2  
  84  7:09  Barracks  
  84  7:11  SCV x2  
  84  7:13  Barracks  
  86  7:24  Orbital Command  
  86  7:26  Marine x4  
  86  7:29  Terran Vehicle And Ship Armor Level 1  
  90  7:39  Missile Turret x2  
  90  7:40  Missile Turret  
  90  7:44  Marine x4  
  91  7:45  SCV  
  91  7:46  SCV  
  91  7:47  Missile Turret x3  
  91  7:50  Missile Turret  
  96  7:56  SCV  
  97  8:01  Marine  
  97  8:02  Barracks Reactor x2  
  97  8:03  Supply Depot x2  
  97  8:04  Supply Depot, Marine  
  97  8:05  Marine  
  100  8:09  Marine  
  100  8:10  Medivac  
  100  8:11  Medivac  
  105  8:19  Marine  
  106  8:24  SCV x3, Marine  
  106  8:25  Marine  
  111  8:28  Marine  
  112  8:36  SCV x3  
  112  8:37  Marine  
  112  8:38  Command Center, Siege Tank  
  112  8:39  Marine x4  
  123  8:42  Marine x2  
  123  8:45  Medivac x2  
  123  8:46  Marine  
  123  8:48  SCV x2  
  132  8:55  Marine  
  133  8:57  Marine x2  
  133  9:02  Marine x4  
  133  9:04  Marine  
  131  9:13  Marine  
  131  9:15  Medivac, Marine x2  
  129  9:17  SCV x2  
  129  9:19  Marine  
  129  9:20  SCV, Marine  
  129  9:22  Refinery  
  129  9:23  Refinery  
  133  9:29  SCV  
  133  9:30  Supply Depot x2  
  131  9:31  Supply Depot  
  131  9:32  SCV x2  
  131  9:38  Marine x7  
  131  9:39  Marine  
  131  9:41  SCV  
  139  9:49  Barracks x2  
  139  9:50  Barracks  
Tags
 
Add a new tag
Caveats
  • Supply blocks, unpowered buildings, or Contaminate may cause inaccurate times.
  • Supply counts are checked every 10 seconds.